 Dungeon Crawl Stone Soup version 0.23-a0-164-g7711e57 (webtiles) character file.

626 Amnesiac the Gusty (level 7, 0/46 HPs)
             Began as a Mummy Air Elementalist on Sept 10, 2018.
             Slain by a sky beast (6 damage)
             ... on level 4 of the Dungeon.
             The game lasted 00:07:55 (3344 turns).

Amnesiac the Gusty (Mummy Air Elementalist)         Turns: 3344, Time: 00:07:55

Health: 0/46       AC:  4    Str: 11    XL:     7   Next: 23%
Magic:  0/15       EV: 12    Int: 16    God:
Gold:   48         SH:  0    Dex: 13    Spells: 10/17 levels left

rFire    . . .     SeeInvis .   a - +0 long sword
rCold    + . .     Gourm    .   (no shield)
rNeg     + + +     Faith    .   g - +0 robe
rPois    ∞         Spirit   .   f - +0 helmet
rElec    .         Reflect  .   (no cloak)
rCorr    .         Harm     .   b - +0 pair of gloves
MR       .....                  (no boots)
Stlth    ++........             (no amulet)
HPRegen  0.15/turn              i - ring of protection from fire
MPRegen  0.14/turn              (no ring)

@: very slightly contaminated
A: no food or potions, fire vulnerability, cold resistance 1, negative energy
resistance 3, torment resistance, unbreathing
a: no special abilities


You were on level 4 of the Dungeon.
You were not hungry.

You visited 1 branch of the dungeon, and saw 5 of its levels.

You collected 48 gold pieces.

Inventory:

Hand Weapons
 a - a +0 long sword (weapon)
 j - the +2 spear "Ogrebane" {pierce, rPois rF- rC++ Dex+3}
   (You took it off a gnoll on level 4 of the Dungeon)

   It inflicts extra damage upon your enemies.
   It affects your dexterity (+3).
   It makes you vulnerable to fire.
   It greatly protects you from cold.
   It protects you from poison.
Armour
 b - a +0 pair of gloves (worn)
 f - a +0 helmet (worn)
 g - a +0 robe (worn)
Jewellery
 i - a ring of protection from fire (left hand)
 k - the amulet "Papiank" {Harm *Drain Stlth+, unknown}
   (You found it on level 4 of the Dungeon)

   [amulet of harm]

   It increases damage dealt and taken.
   It causes draining when unequipped.
   It makes you more stealthy.
Scrolls
 c - a scroll of remove curse {!r, unknown}
 d - 2 scrolls of enchant armour {!r, unknown}
 e - 2 scrolls of identify {!r, unknown}
 h - a scroll of teleportation {!r, unknown}


   Skills:
 - Level 1.5 Dodging
 - Level 1.5 Stealth
 + Level 5.8 Spellcasting
 - Level 0.7 Conjurations
 * Level 6.0 Air Magic


You had 10 spell levels left.
You knew the following spells:

 Your Spells              Type           Power        Failure   Level  Hunger
a - Shock                 Conj/Air       ###.         3%          1    N/A
d - Airstrike             Air            ###.......   12%         4    N/A
z - Swiftness             Chrm/Air       ##......     6%          2    N/A

Your spell library contained the following spells:

 Spells                   Type           Power        Failure   Level  Hunger
 Static Discharge         Conj/Air       ###.....     11%         3    N/A
 Lightning Bolt           Conj/Air       ###.......   69%         5    N/A

Dungeon Overview and Level Annotations

Branches:
Dungeon (5/15)
 Temple: D:4-7

Altars:
Cheibriados
Elyvilon
Xom

Annotations:
D:3 2 transporters
D:5 1 runed door


Innate Abilities, Weirdness & Mutations

You do not eat or drink.
Your flesh is vulnerable to fire.
You are immune to poison.
Your flesh is cold resistant. (rC+)
You are immune to negative energy. (rN+++)
You are immune to unholy pain and torment.
You can survive without breathing.


Message History

Unknown command.
Casting: Airstrike (safe; 12% risk of failure)
Confirm with . or Enter, or press ? or * to list all spells.
You can't see any susceptible monsters within range! (Use Z to cast anyway.)
Casting: Airstrike (safe; 12% risk of failure)
Confirm with . or Enter, or press ? or * to list all spells.
Aiming: Airstrike (safe; 12% risk of failure)
Press: ? - help, Dir - move target cursor The spell fizzles.
Casting: Airstrike (safe; 12% risk of failure)
Confirm with . or Enter, or press ? or * to list all spells.
Aiming: Airstrike (safe; 12% risk of failure)
Press: ? - help, Dir - move target cursor The air twists around and violently strikes something!
Something hits you. Something shocks you.
A sky beast appears from thin air!
Reactivating autopickup.
There is a stone staircase leading up here.
The sky beast closely misses you.
You climb upwards.
There is a stone staircase leading down here.
You barely miss the sky beast.
The sky beast is almost dead.
The sky beast misses you. The sky beast hits you. The sky beast shocks you.
You hit the sky beast but do no damage.
The sky beast is almost dead.
The sky beast flickers out of sight!
Deactivating autopickup; reactivate with Ctrl-A.
Something hits you. Something shocks you.
You closely miss something. Something hits you. Something shocks you.
* * * LOW HITPOINT WARNING * * *
Something hits you but does no damage.
You miss something. Something barely misses you.
A sky beast appears from thin air!
Reactivating autopickup.
Casting: Airstrike (safe; 12% risk of failure)
Confirm with . or Enter, or press ? or * to list all spells.
Aiming: Airstrike (safe; 12% risk of failure)
Press: ? - help, Dir - move target cursor, f - sky beast
Aim: a sky beast (almost dead)
You miscast Airstrike.
You are very lightly contaminated with residual magic.
You feel momentarily weightless. The sky beast hits you.
* * * LOW HITPOINT WARNING * * *
The sky beast shocks you.
* * * LOW HITPOINT WARNING * * *
You hit the sky beast but do no damage.
The sky beast is almost dead.
The sky beast barely misses you.
You barely miss the sky beast.
The sky beast is almost dead.
The sky beast hits you.
* * * LOW HITPOINT WARNING * * *
The sky beast shocks you.
* * * LOW HITPOINT WARNING * * *
The sky beast hits you but does no damage.
You aren't carrying any items that you can evoke without wielding.
Unknown command.
The sky beast flickers out of sight!
Deactivating autopickup; reactivate with Ctrl-A.
Something hits you.
* * * LOW HITPOINT WARNING * * *
Something shocks you.
You die...

#.# #.# ######.####
..........# #######.#.#
##### .# #.#.# #...# )#
#.#<# #...# )# #.#.#
####...##### )##
##.#.####..@......>#
..####...........{>.%...#
#.................≈.....#
..#######.#######...###.#
### #.# #...# #.# #.#####
#.<.# #.# #########.....#
#..## #.# ...........##.#
#..# #.# .########..##.#
#..# #.#


There were no monsters in sight!

Vanquished Creatures
  Eustachio (D:4)
  A scorpion (D:4)
  2 howler monkeys (D:4)
  A hound (D:4)
  A gnoll shaman (D:4)
  An iguana (D:4)
  3 worker ants (D:4)
  Robin (D:4)
  A howler monkey zombie (D:5)
  7 adders
  9 gnolls (D:4)
  3 leopard geckos
  A ball python (D:4)
  2 bats (D:2)
  A giant cockroach (D:4)
  2 hobgoblins (D:4)
  A frilled lizard (D:4)
  10 goblins
  A leopard gecko skeleton (D:4)
  2 quokka skeletons (D:4)
  3 rats (D:2)
54 creatures vanquished.

Notes
Turn   | Place    | Note
-------+----------+-------------------------------------------
     0 | D:1      | Amnesiac the Mummy Air Elementalist began the quest for the
                  | Orb.
     0 | D:1      | Reached XP level 1. HP: 13/13 MP: 4/4
   232 | D:2      | Reached skill level 3 in Air Magic
   232 | D:2      | Reached XP level 2. HP: 12/19 MP: 0/5
   649 | D:2      | Found a shimmering altar of Xom.
   653 | D:2      | Learned a level 2 spell: Swiftness
   659 | D:2      | Found a white marble altar of Elyvilon.
   659 | D:2      | Found a snail-covered altar of Cheibriados.
   712 | D:3      | Found a transporter.
   763 | D:3      | Found a transporter.
   845 | D:4      | Reached XP level 3. HP: 7/24 MP: 0/8
   864 | D:4      | HP: 1/24 [leopard gecko (2)]
  1178 | D:4      | Noticed an ogre
  1219 | D:4      | Reached XP level 4. HP: 18/30 MP: 7/10
  1227 | D:4      | Learned a level 4 spell: Airstrike
  1391 | D:4      | Reached skill level 5 in Spellcasting
  1656 | D:4      | Noticed Robin
  1753 | D:4      | Killed Robin
  1753 | D:4      | Reached XP level 5. HP: 27/35 MP: 3/12
  1810 | D:4      | Reached skill level 4 in Air Magic
  2225 | D:4      | Reached XP level 6. HP: 21/41 MP: 2/13
  2290 | D:4      | Noticed Eustachio
  2451 | D:4      | Killed Eustachio
  2451 | D:4      | Reached skill level 5 in Air Magic
  2745 | D:4      | Reached XP level 7. HP: 38/46 MP: 7/15
  2749 | D:4      | Got a crude spear {pierce}
  2751 | D:4      | Identified the +2 spear "Ogrebane" {pierce, rPois rF- rC++
                  | Dex+3} (You took it off a gnoll on level 4 of the Dungeon)
  2935 | D:5      | Entered Level 5 of the Dungeon
  3107 | D:4      | Got a bound steel amulet
  3308 | D:5      | Reached skill level 6 in Air Magic
  3326 | D:5      | Found a runed door.
  3344 | D:4      | Slain by a sky beast

Vault maps used:
D:1:      ebering_trefoil_3fold
D:2:      lemuel_doored_altar, gammafunk_temple_overflow_statue, first_ration
D:3:      gammafunk_wand_slinger, lemuel_coloured_pillars_altar, uniq_ijyb
D:4:      uniq_robin, uniq_eustachio
D:5:      zin_academy, ebering_ghost_inner_flame, uniq_edmund

Skill      XL: |  1  2  3  4  5  6  7 |
---------------+----------------------+-----
Air Magic      | 3 4 5 6 |  6.0
Spellcasting   | 4 5 |  5.8
Dodging        | |  1.5
Stealth        | |  1.5
Conjurations   | |  0.7

Action                   |  1- 3 |  4- 6 |  7- 9 || total
-------------------------+-------+-------+-------++-------
Melee: Unarmed           |     1 |     1 |       ||     2
       Long sword        |       |     4 |     6 ||    10
 Cast: Shock             |    33 |   108 |    31 ||   172
       Airstrike         |       |       |     3 ||     3
Armor: Robe              |     9 |    19 |     7 ||    35
Dodge: Dodged            |    39 |    36 |    21 ||    96
       Rpst.: Long sword |       |     4 |     4 ||     8

Table legend:
 A = Non-vault XP
 B = Vault XP
 C = Vault XP percentage of total XP
 D = Non-vault monster count
 E = Vault monster count
 F = Vault count percentage of total count
                 A         B        C        D         E       F
            +---------+---------+-------+---------+---------+-------
      Total |     665 |     230 |  25.7 |      42 |      12 |  22.2
            +---------+---------+-------+---------+---------+-------
        D:2 |      33 |       0 |   0.0 |       7 |       0 |   0.0
        D:3 |       8 |       0 |   0.0 |       4 |       0 |   0.0
        D:4 |     609 |     228 |  27.2 |      30 |      11 |  26.8
        D:5 |      15 |       2 |  11.8 |       1 |       1 |  50.0
            +---------+---------+-------+---------+---------+-------
